 Dungeon Crawl Stone Soup version 0.30-a0-218-gedb9141078 (webtiles) character file.

Game seed: 736755127021091416

2438 SigmundSlayer the Chiller (level 9, -2/79 HPs)
             Began as a Naga Ice Elementalist on Oct 5, 2022.
             Was an Initiate of Gozag.
             Slain by a bullfrog (5 damage)
             ... on level 6 of the Dungeon.
             The game lasted 00:08:44 (5651 turns).

SigmundSlayer the Chiller (Naga Ice Elementalist)   Turns: 5651, Time: 00:08:44

Health: -2/79      AC: -4    Str: 11    XL:     9   Next: 49%
Magic:  15/18      EV:  8    Int: 19    God:    Gozag
Gold:   1062       SH:  5    Dex: 12    Spells: 13/20 levels left

rFire   . . .      SeeInvis +    d - +5 hand axe
rCold   + . .      Faith    .    a - +0 buckler
rNeg    . . .      Spirit   .    s - +1 ring mail {rC+}
rPois   +          Reflect  .    (no helmet)
rElec   .          Harm     .    (no cloak)
rCorr   .          Rampage  .    (no gloves)
Will    +....                    (no barding)
Stlth   +.........               o - amulet of regeneration
HPRegen 1.13/turn                (no ring)
MPRegen 0.16/turn                (no ring)

@: corroded, gold aura, freezing walls, very slow
A: AC +3, large, see invisible, deformed body, poison resistance, slowness 2,
spit poison 1, naga tail 1
a: Spit Poison, Renounce Religion, Potion Petition, Call Merchant, Bribe Branch


You were on level 6 of the Dungeon.
You worshipped Gozag.
Gozag was most pleased with you.
You visited 1 branch of the dungeon, and saw 6 of its levels.

You collected 1062 gold pieces.

Inventory:

Hand Weapons
 d - a +5 hand axe (weapon)
Armour
 a - a +0 buckler (worn)
 s - a +1 ring mail of cold resistance (worn)
Jewellery
 o - an amulet of regeneration (around neck)
Wands
 m - a wand of iceblast (11)
 u - a wand of quicksilver (8)
Scrolls
 c - 3 scrolls of poison
 f - 6 scrolls of teleportation
 j - 2 scrolls of butterflies
 k - 3 scrolls of blinking
 l - 4 scrolls of immolation
 r - a scroll of magic mapping
Potions
 b - a potion of magic
 e - a potion of ambrosia
 g - a potion of curing
 h - a potion of might {unknown}
 n - 2 potions of heal wounds {unknown}
 p - 2 potions of brilliance {unknown}
 q - 2 potions of resistance {unknown}
 t - a potion of flight {unknown}
 v - a potion of mutation {unknown}
 w - a potion of cancellation {unknown}
 x - a potion of lignification {unknown}


   Skills:
 + Level 4.4 Fighting
 + Level 3.7 Armour
 - Level 1.5 Dodging
 - Level 3.0 Stealth
 + Level 4.0 Shields
 + Level 6.3 Spellcasting
 + Level 7.8 Ice Magic


You had 13 spell levels left.
You knew the following spells:

 Your Spells              Type           Power      Damage    Failure   Level
a - Freeze                Ice            100%       1d11      1%          1
b - Frozen Ramparts       Ice            72%        1d11      3%          3
c - Ozocubu's Armour      Ice            36%        N/A       3%          3

Your spell library contained the following spells:

 Spells                   Type           Power      Damage    Failure   Level
 Ensorcelled Hibernation  Hex/Ice        42%        N/A       9%          2
 Sandblast                Erth           12%        2d6       30%         1
 Passwall                 Tmut/Erth      5%         N/A       41%         2
 Summon Ice Beast         Ice/Summ       21%        N/A       52%         4
 Gell's Gravitas          Tloc           6%         N/A       65%         3
 Stone Arrow              Conj/Erth      12%        3d7       65%         3
 Swiftness                Air            6%         N/A       65%         3
 Teleport Other           Tloc           6%         N/A       65%         3
 Dispersal                Tloc           3%         N/A       100%        6


Dungeon Overview and Level Annotations

Branches:
Dungeon (6/15)             Temple (0/1) D:5

Altars:
Dithmenos
Gozag
Makhleb
Okawaru
Qazlal
Ru
Uskayaw
Wu Jian
The Shining One

Shops:
D:4 *


Innate Abilities, Weirdness & Mutations

Your serpentine skin is tough. (AC +3)
You have supernaturally acute eyesight. (SInv)
Armour fits poorly on your strangely shaped body.
Your system is resistant to poisons. (rPois)
You cover ground very slowly.
You can spit poison.
You have a snake-like lower body.


Message History

A bullfrog and an ufetubus come into view.
The jelly hits you.
You are splashed with acid!
The jelly hits you.
You are splashed with acid!
There is an open door, spattered with blood here.
You slash the jelly!
Your hands burn!
The jelly is moderately wounded.
The jelly barely misses you.
You hit the jelly. The acid corrodes you!
Your hands burn!
The jelly is heavily wounded.
The jelly jiggles.
The jelly hits you.
You are splashed with acid!
You hit the jelly. The acid corrodes you!
Your hands burn!
The jelly is heavily wounded.
You barely miss the bullfrog. The bullfrog hits you! The jelly hits you.
The acid corrodes you!
You are splashed with acid!
* * * LOW HITPOINT WARNING * * *
You block the bullfrog's attack. The jelly hits you.
* * * LOW HITPOINT WARNING * * *
You are splashed with acid!
* * * LOW HITPOINT WARNING * * *
Casting: Frozen Ramparts (dangerous; 3% risk of failure)
Confirm with . or Enter, or press ? or * to list all spells.
Casting: Frozen Ramparts (dangerous; 3% risk of failure)
Press: ? - help, Dir - look around, f - activate An open door, spattered with blood.
The walls around you are covered in ice.
The wall freezes the bullfrog.
The bullfrog hits you!
* * * LOW HITPOINT WARNING * * *
The wall freezes the jelly!
You kill the jelly!
You feel better.
The wall freezes the bullfrog.
The bullfrog hits you.
* * * LOW HITPOINT WARNING * * *
The ufetubus resists.
The wall freezes the ufetubus.
The ufetubus hits you.
* * * LOW HITPOINT WARNING * * *
The ufetubus hits you.
* * * LOW HITPOINT WARNING * * *
The wall freezes the bullfrog.
The bullfrog seems to slow down.
The bullfrog hits you.
You die...
Your body crumbles into a pile of gold.

..# ..# .........#
..# .........# ..#
.........# ..#
.........# ..#
.........# ..#
.........# ..# $
......$F5# ..# #@#
..# #.# ..# #.#
'###############.#
.................#
##################


You could see a bullfrog (slow) and an ufetubus.

Vanquished Creatures
  Maggie (D:6)
  Sigmund (D:2)
  A wyvern (D:4)
  A water moccasin (D:4)
  2 black bears (D:6)
  2 ogres (D:5)
  A centaur (D:6)
  A phantom (D:6)
  A kobold brigand (D:3)
  A necrophage (D:6)
  4 scorpions
  3 wights (D:6)
  The ghost of browni3141 the Conjurer, a weakling AtRe (D:3)
  A howler monkey (D:6)
  A crimson imp (D:3)
  A jelly (D:6)
  4 hounds
  2 orc priests
  4 iguanas
  4 orc wizards
  A gnoll (D:1)
  6 adders
  An ufetubus (D:6)
  2 worms
  2 dart slugs
  16 orcs
  3 ball pythons
  5 endoplasms
  8 giant cockroaches
  5 goblins
  8 hobgoblins
  2 jackals (D:2)
  4 quokkas
  8 bats
  4 frilled lizards
  2 goblin skeletons (D:3)
  A goblin zombie (D:3)
  5 hobgoblin zombies (D:3)
  17 kobolds
  3 kobold skeletons (D:3)
  A kobold zombie (D:3)
  2 orc skeletons (D:3)
  22 rats
165 creatures vanquished.

Vanquished Creatures (others)
  A plant (D:2)
1 creature vanquished.

Grand Total: 166 creatures vanquished

Notes
Turn   | Place    | Note
-------+----------+-------------------------------------------
     0 | D:1      | SigmundSlayer the Naga Ice Elementalist began the quest for
                  | the Orb.
     0 | D:1      | Reached XP level 1. HP: 15/15 MP: 3/3
   268 | D:1      | Reached XP level 2. HP: 21/22 MP: 3/5
   387 | D:1      | Reached XP level 3. HP: 14/28 MP: 4/6
   459 | D:1      | Learned a level 3 spell: Frozen Ramparts
   463 | D:1      | Learned a level 3 spell: Ozocubu's Armour
  1379 | D:2      | Found a stormy altar of Qazlal.
  1403 | D:2      | Reached XP level 4. HP: 30/36 MP: 5/8
  1437 | D:2      | Noticed Sigmund
  1453 | D:2      | Killed Sigmund
  1454 | D:2      | Reached skill level 5 in Ice Magic
  1454 | D:2      | Reached XP level 5. HP: 27/42 MP: 3/11
  1454 | D:2      | Reached XP level 6. HP: 31/49 MP: 3/12
  1992 | D:2      | Found a faded altar of an unknown god.
  2163 | D:2      | Reached skill level 6 in Ice Magic
  2211 | D:2      | Prayed at the altar of an unknown god.
  2211 | D:2      | Became a worshipper of Gozag Ym Sagoz the Greedy
  2287 | D:3      | Found an iron altar of Okawaru.
  2352 | D:3      | Found a glowing golden altar of the Shining One.
  2922 | D:3      | Found a runed translucent gate.
  2922 | D:3      | Found a runed translucent gate.
  2922 | D:3      | Found a runed translucent gate.
  2923 | D:3      | Noticed browni3141's ghost (weakling AtRe)
  3401 | D:3      | Reached XP level 7. HP: 43/56 MP: 10/14
  3403 | D:3      | Killed browni3141's ghost
  3441 | D:4      | Reached skill level 1 in Fighting
  3486 | D:4      | Noticed a wyvern
  3495 | D:4      | Killed a wyvern
  3496 | D:4      | Reached skill level 1 in Armour
  3496 | D:4      | Reached skill level 1 in Shields
  3496 | D:4      | Reached skill level 5 in Spellcasting
  3586 | D:4      | Found Uthruew's Serpentskin Sales.
  3776 | D:4      | Found a shadowy altar of Dithmenos.
  3796 | D:4      | Reached XP level 8. HP: 57/67 MP: 12/15
  4212 | D:4      | Found a burning altar of Makhleb.
  4349 | D:5      | Entered Level 5 of the Dungeon
  4474 | D:5      | Reached skill level 7 in Ice Magic
  4749 | D:5      | Found a hide-covered altar of Uskayaw.
  4750 | D:5      | Found an opulent altar of Gozag.
  4786 | D:5      | Found a staircase to the Ecumenical Temple.
  5213 | D:6      | Found an ornate altar of the Wu Jian Council.
  5243 | D:6      | Reached XP level 9. HP: 56/68 MP: 17/17
  5408 | D:6      | Noticed Maggie
  5429 | D:6      | Killed Maggie
  5595 | D:6      | Found a sacrificial altar of Ru.
  5651 | D:6      | HP: 3/79 [ufetubus (5)]
  5651 | D:6      | Slain by a bullfrog

Illustrated notes

Levels and vault maps discovered:
D:1:      lightli_arrival_maybe_door_vault, layout_loops_corners,
          serial_park_tiny_2, minmay_small_reverse_x
D:2:      layout_loops_cross, chequers_ecumenical_altar_simple, basic_altar,
          corexii_hall_statues_x, serial_bayou_pond_e, uniq_sigmund
D:3:      layout_loops_cross, okawaru_metal_pillars_1_2,
          nicolae_tso_besieged_by_evil, gammafunk_ghost_nasty_kobolds,
          minmay_rat_hole
D:4:      layout_gridville, grunt_dithmenos_smoke, makhleb_heckhound_becter,
          guppyfry_shop_venom
D:5:      layout_cave_pools, mainiacjoe_overflow_divided_tiny,
          minmay_temple_entry_grid
D:6:      layout_basic, nicolae_ru_awakened_eye, mainiacjoe_overflow_alcove_2,
          grunt_ministairs_13, uniq_maggie

Skill      XL: |  1  2  3  4  5  6  7  8  9 |
---------------+----------------------------+-----
Spellcasting   | 3 4 5 6 |  6.3
Ice Magic      | 5 6 7 |  7.8
Fighting       | 2 3 4 |  4.4
Armour         | 1 3 |  3.7
Shields        | 1 3 4 |  4.0
Dodging        | |  1.5
Stealth        | |  3.0

Action                   |  1- 3 |  4- 6 |  7- 9 || total
-------------------------+-------+-------+-------++-------
Melee: Short sword       |    11 |       |       ||    11
       Dagger            |    40 |   363 |   207 ||   610
       Punch             |     2 |     2 |       ||     4
       Hand axe          |       |       |    59 ||    59
 Cast: Freeze            |    22 |    12 |     3 ||    37
       Frozen Ramparts   |       |     5 |    32 ||    37
       Ozocubu's Armour  |       |       |     3 ||     3
 Abil: Spit Poison       |     8 |     1 |     6 ||    15
  Use: Scroll            |       |     3 |     5 ||     8
       Potion            |       |       |     4 ||     4
 Stab: Sleeping          |     2 |     4 |     2 ||     8
       Distracted        |       |     2 |       ||     2
Armor: Robe              |    19 |   217 |       ||   236
       Ring mail         |       |    37 |   122 ||   159
       Skin              |       |     4 |       ||     4
Dodge: Dodged            |    40 |   276 |    87 ||   403
Block: Buckler           |       |     2 |    53 ||    55

Table legend: (Time is in decaauts)
 A = Elapsed time spent in this place.
 B = Non-inter-level travel time spent in this place.
 C = Inter-level travel time spent in this place.
 D = Time resting spent in this place.
 E = Time spent auto-exploring this place.
 F = Levels seen in this place.
 G = Mean time per level.
                   A        B        C        D        E       F      G
               +--------+--------+--------+--------+--------+-----+--------+
         Total |   7133 |   6775 |    358 |    160 |   4906 |   6 | 1188.8 |
       Dungeon |   7133 |   6775 |    358 |    160 |   4906 |   6 | 1188.8 |
               +--------+--------+--------+--------+--------+-----+--------+

Top non-repeatable levels by time:
     D:1: 1563 daAuts
     D:3: 1486 daAuts
     D:2: 1282 daAuts
     D:4: 1168 daAuts
     D:6: 825 daAuts
     D:5: 807 daAuts
